 Dungeon Crawl Stone Soup version 0.25.1-2-g60ff931df9 (webtiles) character file.

Game seed: 9397751535789871865

22729 graki42 the Thaumaturge (level 12, -2/64 HPs)
             Began as a Deep Elf Fire Elementalist on Aug 4, 2020.
             Was a High Priest of Sif Muna.
             Slain by a wolf spider (17 damage)
             ... on level 12 of the Dungeon on Aug 5, 2020.
             The game lasted 01:30:48 (20020 turns).

graki42 the Thaumaturge (DEFE)                     Turns: 20020, Time: 01:30:51

Health: -2/64      AC:  7    Str:  8    XL:     12   Next: 65%
Magic:  18/32      EV: 19    Int: 23    God:    Sif Muna [*****.]
Gold:   1359       SH:  0    Dex: 15    Spells: 15/39 levels left

rFire    . . .     SeeInvis +   M - +4 dagger (chaos)
rCold    + . .     Gourm    .   (no shield)
rNeg     . . .     Faith    .   r - +1 robe {rC+}
rPois    .         Spirit   .   K - +0 helmet
rElec    .         Reflect  .   L - +0 cloak
rCorr    .         Harm     .   N - +0 pair of gloves
MR       +....                  A - +0 pair of boots
Stlth    ++++......             (no amulet)
HPRegen  0.20/turn              i - ring of see invisible
MPRegen  0.23/turn              S - +4 ring of evasion

@: no status effects
A: no striking features
a: Channel Magic, Forget Spell, Divine Exegesis, Renounce Religion


You were on level 12 of the Dungeon.
You worshipped Sif Muna.
Sif Muna was extremely pleased with you.
You were not hungry.

You visited 2 branches of the dungeon, and saw 15 of its levels.
You also visited: Sewer.

You collected 1359 gold pieces.

Inventory:

Hand Weapons
 q - a +3 dagger of venom
 M - a +4 dagger of chaos (weapon)
Armour
 r - a +1 robe of cold resistance (worn)
 A - a +0 pair of boots (worn)
 K - a +0 helmet (worn)
 L - a +0 cloak (worn)
 N - a +0 pair of gloves (worn)
Magical Staves
 g - an uncursed staff of poison
Jewellery
 i - a ring of see invisible (left hand)
 k - an uncursed ring of resist corrosion
 u - an uncursed ring of flight
 B - an uncursed ring of stealth
 S - a +4 ring of evasion (right hand)
Wands
 a - a wand of flame (13)
 m - a wand of acid (16)
 n - a wand of random effects (28)
 D - a wand of disintegration (41)
 H - a wand of paralysis (8)
 J - a wand of digging (7)
 Q - a wand of iceblast (10)
Scrolls
 b - 7 scrolls of remove curse
 h - 3 scrolls of identify
 o - 8 scrolls of amnesia
 s - a scroll of enchant armour
 t - 2 scrolls of magic mapping
 v - a scroll of teleportation
 w - a scroll of fear {unknown}
 y - 4 scrolls of enchant weapon
 E - a scroll of vulnerability
 F - 2 scrolls of noise {unknown}
 G - 3 scrolls of immolation
 I - 2 scrolls of blinking {unknown}
Potions
 d - 3 potions of curing
 e - a potion of flight
 f - 7 potions of heal wounds
 j - a potion of haste
 l - 2 potions of resistance
 p - 2 potions of mutation
 x - 4 potions of brilliance
 z - a potion of might
 C - 3 potions of ambrosia
 O - a potion of cancellation
 P - a potion of lignification
 R - a potion of stabbing
Comestibles
 c - 29 rations


   Skills:
 + Level 2.6 Fighting
 + Level 2.6 Short Blades
 + Level 5.6 Dodging
 + Level 7.4 Stealth
 + Level 14.4 Spellcasting
 + Level 10.0 Conjurations
 + Level 2.0 Hexes
 + Level 11.0 Fire Magic
 * Level 3.3 Earth Magic
 * Level 9.7 Invocations
 + Level 0.1 Evocations


You had 15 spell levels left.
You knew the following spells:

 Your Spells              Type           Power        Failure   Level  Hunger
a - Foxfire               Conj/Fire      ####         1%          1    None
b - Conjure Flame         Conj/Fire      ######..     1%          3    None
c - Inner Flame           Hex/Fire       #####...     1%          3    None
d - Sticky Flame          Conj/Fire      ######..     1%          4    None
e - Fireball              Conj/Fire      ######....   1%          5    ###....
f - Vampiric Draining     Necr           ###.......   11%         3    None
g - Bolt of Magma         Conj/Fire/Erth ######....   3%          5    ###....

Your spell library contained the following spells:

 Spells                   Type           Power        Failure   Level  Hunger
 Corona                   Hex            ####...      1%          1    None
 Stone Arrow              Conj/Erth      #####.       1%          3    None
 Animate Skeleton         Necr           N/A          3%          1    None
 Apportation              Tloc           ###...       3%          1    None
 Pain                     Necr           ###.         3%          1    None
 Summon Small Mammal      Summ           ###.         3%          1    None
 Leda's Liquefaction      Hex/Erth       ####......   12%         4    None
 Animate Dead             Necr           N/A          34%         4    None
 Iron Shot                Conj/Erth      #####.....   34%         6    #####..
 Borgnjor's Vile Clutch   Necr/Erth      ###.......   45%         5    ###....
 Agony                    Necr           ###.....     69%         5    ###....
 Shatter                  Erth           ####......   100%        9    #######


Dungeon Overview and Level Annotations

Branches:
Dungeon (14/15)            Temple (1/1) D:5            Lair (0/6) D:9
    Orc (0/2) D:12          Sewer (visited)
 Vaults: D:13-14

Altars:
Ashenzari
Cheibriados
Dithmenos
Elyvilon
Fedhas
Hepliaklqana
Kikubaaqudgha
Makhleb
Nemelex Xobeh
Okawaru
Qazlal
Ru
Sif Muna
Trog
Uskayaw
Vehumet
Wu Jian
Xom
Yredelemnul
Zin
The Shining One

Shops:
D:9 !   D:11 }

Annotations:
D:10 2 runed translucent doors, Yolobob's ghost, novice DrFE
D:13 Azrael


Message History

The wolf spider is heavily wounded.
The wolf spider barely misses you. The wolf spider completely misses you.
Casting: Foxfire (safe; 1% risk of failure)
Confirm with . or Enter, or press ? or * to list all spells.
You conjure some foxfire!
You feel very sick.
The wolf spider burns!
The wolf spider hits you.
The wolf spider bites you but does no damage.
The wolf spider hits you!
* * * LOW HITPOINT WARNING * * *
The wolf spider bites you!
* * * LOW HITPOINT WARNING * * *
You feel better.
The wolf spider burns!
The foxfire hits the wolf spider.
The wolf spider is heavily wounded.
The foxfire hits the wolf spider!
The wolf spider is severely wounded.
The foxfire hits the wolf spider.
The wolf spider is severely wounded.
The wolf spider hits you!
You die...

#..........##.#.##.......##.
#..........##....###.....#.#
##........####............##
#...................#....##.
#............####...#...##..
#............# ##.....##...
#............# ##...###...
#.........§§§# ##..#.....
##...>....§@v######....##.#.
###########s.......#.......
c.......###....#.......
##.##..###..##......... #..
..# ###....... ##. ..
##...... .. #..#### .. #..#
...


You could see a wolf spider (burning).

Vanquished Creatures
  Josephine (D:10)
  A yaktaur captain (D:12)
  Erolcha (D:10)
  A hydra (D:12)
  A two-headed ogre (D:12)
  A two-headed ogre (shapeshifter) (D:12)
  A centaur warrior (D:12)
  3 unseen horrors
  A phantasmal warrior (D:12)
  2 cyclopes
  An ugly thing (D:11)
  A manticore (D:12)
  An ice statue (D:11)
  2 gargoyles
  Psyche (D:9)
  Maggie (D:10)
  2 komodo dragons
  A komodo dragon (shapeshifter) (D:14)
  4 trolls
  A meliai (D:12)
  2 dream sheep (D:12)
  3 hippogriffs
  Sigmund (D:2)
  4 wraiths (D:10)
  2 vampires
  11 yaks
  2 basilisks (D:14)
  2 hungry ghosts
  An acid dragon (D:11)
  Duvessa (D:4)
  5 porcupines (D:9)
  2 black bears
  4 ice beasts
  3 sky beasts
  4 orc warriors
  A hornet zombie (D:12)
  A meliai simulacrum (D:14)
  2 phantoms
  An ogre (D:5)
  An eye of draining (D:11)
  9 centaurs
  9 bullfrogs
  7 big kobolds
  A gnoll sergeant (D:9)
  5 scorpions
  A water moccasin skeleton (D:9)
  Dowan (D:4)
  16 killer bees
  4 howler monkeys
  2 jellies
  2 bullfrog zombies
  2 crimson imps
  A quasit (D:6)
  7 orc priests
  3 bullfrog skeletons
  4 hounds
  9 orc wizards
  An iguana (D:14)
  9 worker ants
  A hound zombie (D:10)
  A hound skeleton (D:5)
  Robin (D:4)
  2 howler monkey skeletons
  13 adders
  6 gnolls
  8 river rats
  2 shadow imps
  An adder zombie (D:9)
  2 adder skeletons
  4 worms
  3 dart slugs
  8 leopard geckos
  46 orcs
  8 ball pythons
  5 bats
  12 giant cockroaches
  20 goblins
  5 hobgoblins
  17 jackals
  6 frilled lizards
  A jackal zombie (D:8)
  22 kobolds
  A quokka skeleton (D:3)
  29 rats
398 creatures vanquished.

Vanquished Creatures (others)
  1033 foxfires
  8 fungi (D:9)
  2 plants (D:9)
  14 toadstools (D:1)
1057 creatures vanquished.

Grand Total: 1455 creatures vanquished

Notes
Turn   | Place    | Note
-------+----------+-------------------------------------------
     0 | D:1      | graki42 the Deep Elf Fire Elementalist began the quest for
                  | the Orb.
     0 | D:1      | Reached XP level 1. HP: 10/10 MP: 6/6
   335 | D:1      | Reached XP level 2. HP: 15/15 MP: 6/8
  1040 | D:2      | Reached XP level 3. HP: 19/19 MP: 6/10
  1305 | D:2      | Noticed Sigmund
  1314 | D:2      | Killed Sigmund
  1314 | D:2      | Reached skill level 4 in Spellcasting
  1314 | D:2      | Reached XP level 4. HP: 24/24 MP: 8/12
  1314 | D:2      | Reached XP level 5. HP: 28/28 MP: 9/14
  1358 | D:2      | Learned a level 3 spell: Conjure Flame
  1362 | D:2      | Learned a level 3 spell: Inner Flame
  1367 | D:2      | Learned a level 4 spell: Sticky Flame
  1792 | D:3      | Reached skill level 5 in Spellcasting
  1816 | D:3      | Reached skill level 5 in Fire Magic
  1816 | D:3      | Reached XP level 6. HP: 33/33 MP: 3/15
  2575 | D:3      | Reached skill level 6 in Spellcasting
  2739 | D:3      | Found a glowing silver altar of Zin.
  2794 | D:3      | Noticed a moth of wrath
  2797 | D:3      | Found a bloodstained altar of Trog.
  3262 | D:4      | Noticed a hippogriff
  3274 | D:4      | Killed a hippogriff
  3274 | D:4      | Reached skill level 1 in Short Blades
  3274 | D:4      | Reached XP level 7. HP: 29/37 MP: 9/18
  3389 | D:4      | Noticed Robin
  3419 | D:4      | Killed Robin
  3539 | D:4      | Noticed Dowan
  3547 | D:4      | Learned a level 5 spell: Fireball
  3560 | D:4      | Killed Dowan
  3644 | D:4      | Noticed Duvessa
  3658 | D:4      | Killed Duvessa
  3658 | D:4      | Reached skill level 7 in Spellcasting
  4492 | D:4      | Found a hide-covered altar of Uskayaw.
  5122 | D:5      | Entered Level 5 of the Dungeon
  5207 | D:5      | Found a staircase to the Ecumenical Temple.
  5221 | Temple   | Entered the Ecumenical Temple
  5368 | Temple   | Became a worshipper of Sif Muna the Loreminder
  5418 | D:5      | Reached XP level 8. HP: 42/42 MP: 18/21
  5465 | D:5      | Found a glowing drain.
  5475 | Sewer    | Entered a sewer
  5670 | Sewer    | Reached * piety under Sif Muna
  5826 | Sewer    | Reached skill level 1 in Invocations
  5869 | Sewer    | Reached skill level 8 in Spellcasting
  5974 | Sewer    | Reached skill level 5 in Conjurations
  6255 | D:5      | Found a sparkling altar of Nemelex Xobeh.
  6321 | D:5      | Found a snail-covered altar of Cheibriados.
  6341 | D:5      | Found a blossoming altar of Fedhas.
  6544 | D:5      | Reached skill level 5 in Stealth
  6867 | D:6      | Reached ** piety under Sif Muna
  6867 | D:6      | Reached skill level 1 in Hexes
  7290 | D:6      | Found a stormy altar of Qazlal.
  7467 | D:6      | Reached XP level 9. HP: 46/46 MP: 21/23
  7514 | D:6      | Found a white marble altar of Elyvilon.
  7771 | D:7      | Reached skill level 9 in Spellcasting
  7779 | D:7      | Reached skill level 1 in Fighting
  8536 | D:8      | Found a burning altar of Makhleb.
  8536 | D:8      | Found a hazy altar of Hepliaklqana.
  9263 | D:9      | Found a staircase to the Lair.
  9277 | D:9      | Reached *** piety under Sif Muna
  9331 | D:9      | Reached skill level 5 in Invocations
  9331 | D:9      | Reached XP level 10. HP: 52/52 MP: 20/25
  9446 | D:9      | Found Tiexoig's Distillery.
  9834 | D:9      | Reached skill level 10 in Spellcasting
 10063 | D:9      | Noticed Psyche
 10065 | D:9      | HP: 2/52 [gnoll sergeant/+0 spear (8)]
 10488 | D:9      | Killed Psyche
 11136 | D:10     | Entered Level 10 of the Dungeon
 11160 | D:9      | Reached skill level 11 in Spellcasting
 11408 | D:10     | Noticed a gargoyle
 11412 | D:10     | Killed a gargoyle
 11514 | D:10     | Noticed Josephine
 11529 | D:10     | Killed Josephine
 12044 | D:10     | Noticed Maggie
 12196 | D:10     | Found a large runed translucent door.
 12248 | D:10     | Found a large runed translucent door.
 12248 | D:10     | Noticed Yolobob's ghost (novice DrFE)
 12404 | D:10     | HP: 2/53 [wraith (15)]
 12412 | D:10     | Reached XP level 11. HP: 6/57 MP: 0/28
 12450 | D:10     | Reached **** piety under Sif Muna
 13277 | D:10     | Reached skill level 12 in Spellcasting
 13412 | D:10     | Noticed Erolcha
 13422 | D:10     | Killed Erolcha
 13618 | D:10     | Killed Maggie
 14701 | D:11     | Noticed an unseen horror
 14705 | D:11     | Killed an unseen horror
 14816 | D:11     | Found Pailerch's Gadget Boutique.
 15388 | D:11     | Noticed a cyan ugly thing
 15391 | D:11     | Killed a cyan ugly thing
 15421 | D:11     | Reached skill level 5 in Dodging
 15421 | D:11     | Reached skill level 10 in Fire Magic
 15793 | D:11     | You fall into a shaft and drop 3 floors!
 15849 | D:14     | Reached skill level 13 in Spellcasting
 16613 | D:13     | Noticed a +10 long sword
 16675 | D:13     | Got a pair of bloodstained gloves
 16687 | D:13     | Identified the cursed -7 pair of gloves of Ustrin {Int+2}
                  | (You found it on level 13 of the Dungeon)
 16796 | D:13     | Noticed Azrael
 16828 | D:12     | Noticed a phantasmal warrior
 16829 | D:12     | Noticed a yaktaur captain
 17040 | D:12     | Noticed a two-headed ogre
 17093 | D:11     | Reached XP level 12. HP: 63/63 MP: 26/31
 17448 | D:11     | Learned a level 3 spell: Vampiric Draining
 17767 | D:12     | Reached ***** piety under Sif Muna
 18180 | D:12     | Identified Sif Muna's Incunabulum of Clay (Sif Muna gifted
                  | it to you on level 12 of the Dungeon)
 18180 | D:12     | Received a gift from Sif Muna
 18192 | D:12     | Learned a level 5 spell: Bolt of Magma
 18215 | D:12     | Noticed a two-headed ogre
 18219 | D:12     | Killed a two-headed ogre
 18439 | D:12     | Killed a yaktaur captain
 18439 | D:12     | Reached skill level 1 in Earth Magic
 18789 | D:12     | Noticed a two-headed ogre
 18793 | D:12     | Killed a two-headed ogre
 19119 | D:12     | Reached skill level 14 in Spellcasting
 19277 | D:12     | Noticed a three-headed hydra
 19290 | D:12     | Killed a three-headed hydra
 19627 | D:12     | Found a staircase to the Orcish Mines.
 19845 | D:12     | Identified the cursed +0 chain mail of Discretion {rPois
                  | Int+4}
 19922 | D:12     | Noticed a centaur warrior
 19933 | D:12     | Killed a centaur warrior
 20008 | D:12     | Reached skill level 10 in Conjurations
 20020 | D:12     | Slain by a wolf spider

Illustrated notes

Levels and vault maps discovered:
D:1:      nagdon_arrival_zigzag_paths, layout_basic
D:2:      layout_loops_ring, minmay_worlds_worst_comb, uniq_sigmund
D:3:      layout_loops_cross, overflow_temple_1_default, serial_bayou_pond_c,
          serial_bayou_pond_b, tgw_trog
D:4:      layout_layer_cave, eat_drink_and_be_merry_uskayaw, uniq_robin,
          uniq_duvessa
D:5:      layout_basic, lemuel_round_altar, nemelex_altar_shiori,
          minmay_temple_entry_butterflies, lightli_sewer_entry_pipes,
          first_ration, grunt_ministairs_7, fedhas_altar_fruit_tree
D:6:      layout_gridville, kennysheep_little_box, basic_altar
D:7:      layout_basic, nicolae_overflow_hidden_temple
D:8:      layout_loops_ring, gammafunk_temple_overflow_elements
D:9:      layout_basic, due_lair_maze_entry_diamond, serial_shops, shop,
          uniq_psyche
D:10:     layout_gridville, ebering_ghost_disaster_area, uniq_maggie,
          uniq_josephine, uniq_erolcha
D:11:     lemuel_ice_statue, layout_small_grid, serial_shops, kennysheep_mini
D:12:     minmay_tile_spiral, layout_rooms, hiddenorc1_lemuel, hangedman_ranch
          [blue_anna_fruit_fields], solitary_fountain, grunt_qazlal_sundering
D:13:     layout_basic, erik_vaults_1, uniq_azrael, uniq_sonja, uniq_kirke
D:14:     layout_loops_ring, serial_glass, glass_columns_a, glass_columns_a,
          serial_park_square1 [serial_park_minivault_5x5_7], uniq_jorgrun
Temple:   eino_temple_water

Skill      XL: |  1  2  3  4  5  6  7  8  9 10 11 12 |
---------------+-------------------------------------+-----
Fire Magic     | 4 5 7 8 9 10 11 | 11.0
Stealth        | 3 4 5 6 7 |  7.4
Spellcasting   | 4 5 6 7 8 9 11 13 14 | 14.4
Conjurations   | 2 3 4 5 7 8 9 10 | 10.0
Dodging        | 3 4 5 |  5.6
Short Blades   | 1 2 |  2.6
Invocations    | 3 5 7 8 9 |  9.7
Hexes          | 2 |  2.0
Fighting       | 1 2 |  2.6
Earth Magic    | 3 |  3.3
Evocations     | |  0.1

Action                   |  1- 3 |  4- 6 |  7- 9 | 10-12 || total
-------------------------+-------+-------+-------+-------++-------
Melee: Dagger            |     3 |       |    45 |    46 ||    94
       Short sword       |       |    14 |       |       ||    14
 Cast: Foxfire           |    47 |    82 |   215 |   253 ||   597
       Conjure Flame     |       |     2 |     8 |    12 ||    22
       Inner Flame       |       |     2 |     5 |     7 ||    14
       Sticky Flame      |       |       |    14 |    67 ||    81
       Fireball          |       |       |       |    85 ||    85
       Bolt of Magma     |       |       |       |     2 ||     2
Evoke: Wand              |     1 |     1 |       |     1 ||     3
  Use: Scroll            |       |     4 |    10 |    10 ||    24
       Potion            |       |       |       |    15 ||    15
 Stab: Sleeping          |     1 |       |     9 |    10 ||    20
       Invisible         |       |       |       |     1 ||     1
  Eat: Chunk             |     1 |     6 |    20 |    26 ||    53
       Ration            |       |       |       |     5 ||     5
Armor: Robe              |     2 |     3 |    17 |    43 ||    65
       Skin              |       |       |       |     9 ||     9
Dodge: Dodged            |    11 |    34 |    74 |   176 ||   295
